 Dungeon Sprint DCSS version 0.30.1-5-ged363bc7ee (webtiles) character file.

Game seed: 15303986359950761307

14 Heoruswealwe the Unseen (level 5, -2/25 HPs)
             Began as a Spriggan Artificer on Sept 19, 2023.
             Was an Initiate of Gozag.
             Slain by Blork the orc
             ... wielding a +0 trident
              (8 damage)
             ... in the Dungeon (Sprint VI: "Thunderdome").
             The game lasted 00:12:57 (461 turns).

Heoruswealwe the Unseen (Spriggan Artificer)         Turns: 461, Time: 00:12:59

Health: -2/25      AC:  2    Str:  8    XL:     5   Next: 0%
Magic:  6/6        EV: 18    Int: 16    God:    Gozag
Gold:   31         SH:  0    Dex: 17    Spells: 4/4 levels left

rFire   + . .        a - +0 quick blade
rCold   + . .        (no shield)
rNeg    . . .        c - +0 robe
rPois   .            (helmet restricted)
rElec   .            (no cloak)
rCorr   .            (gloves unavailable)
SInv    +            (boots unavailable)
Will    .....        g - amulet of Paranoia {RegenMP rF+ rC+ Int+3}
Stlth   ++++++       (no ring)
HPRegen 0.24/turn    (no ring)
MPRegen 0.50/turn

%: no teleportation
@: very quick
A: very small, no large weapons, unfitting armour, see invisible, speed 3
a: Renounce Religion, Potion Petition, Call Merchant, Bribe Branch


You were in the Dungeon.
You worshipped Gozag.
Gozag was noncommittal.
You visited 1 branch You collected 616 gold pieces.
You spent 585 gold pieces at shops.

Inventory:

Hand Weapons
 a - a +0 quick blade (weapon)
Armour
 c - a +0 robe (worn)
Jewellery
 g - the amulet of Paranoia (around neck) {RegenMP rF+ rC+ Int+3}
   (You bought it in a shop in the Dungeon)

   [amulet of magic regeneration]

   It increases your rate of magic regeneration.
   Int:       It affects your intelligence (+3).
   rF:        It protects you from fire.
   rC:        It protects you from cold.
Wands
 b - a wand of flame (4) (quivered)
 d - a wand of charming (15)
 e - a wand of iceblast (2)
 m - a wand of light (1)
 n - a wand of roots (4)
Scrolls
 k - 4 scrolls of blinking
 o - 3 scrolls of fog
Potions
 f - 4 potions of heal wounds
 h - 4 potions of haste
 l - a potion of resistance


   Skills:
 - Level 0.7 Fighting
 - Level 3.2 Dodging
 + Level 15.1 Stealth
 - Level 4.0 Evocations


You had 4 spell levels left.
You didn't know any spells.
Your spell library was empty.

Dungeon Overview and Level Annotations

Branches:
Dungeon (1/1)

Altars:
Cheibriados
Dithmenos
Fedhas
Gozag
Kikubaaqudgha
Makhleb
Okawaru
Qazlal
Ru
Sif Muna
Trog
Uskayaw
Vehumet
Wu Jian
Xom
Yredelemnul
Zin
The Shining One
Lugonu

Shops:
D *[??*?*:[((!!!!

Annotations:
D Blork the orc


Innate Abilities, Weirdness & Mutations

You are very small and have problems with some larger weapons.
You are too small for most types of armour.
You have supernaturally acute eyesight. (SInv)
You cover ground extremely quickly. (Speed+++)


Message History

You drop a +0 robe.
There is an entrance to Haloba's Jewellery here.
f - the amulet of Paranoia {RegenMP rF+ rC+ Int+3} Thank you for shopping at Haloba's Jewellery!
Adjust to which letter? (? for menu, Esc to quit)
g - the amulet of Paranoia {RegenMP rF+ rC+ Int+3}
f - 4 potions of heal wounds You start putting on your amulet.
You continue putting on the amulet of Paranoia {RegenMP rF+ rC+ Int+3}. x5
You finish putting on the amulet of Paranoia {RegenMP rF+ rC+ Int+3}.
You feel clever.
g - the amulet of Paranoia (around neck) {RegenMP rF+ rC+ Int+3} Search for what [Enter for "short", or ? for help]? amulet You start waiting.
An orc comes into view. It is wielding a +0 flail.
Blork the orc comes into view.
He is wielding a +0 trident.
The orc shouts!
Blork the orc shouts!
You hit the orc but do no damage. The orc misses you.
You hit the orc but do no damage. The orc hits you with a +0 flail.
You barely miss the orc.
Blork the orc gestures at you while chanting.
The puff of flame hits you. You resist.
You hit the orc.
The orc is moderately wounded.
The orc barely misses you.
You barely miss the orc.
The orc is moderately wounded.
The orc closely misses you.
You hit the orc.
The orc is almost dead.
Blork the orc casts a spell at you. The magic dart hits you!
You hit the orc but do no damage.
The orc is almost dead.
The orc hits you with a +0 flail.
* * * LOW HITPOINT WARNING * * *
Blork the orc hits you from afar with a +0 trident!
You die...
Your body crumbles into a pile of gold.

##### ##⌠⌠⌠## #.....# ##.....##
##∩.....∩## #∩.......∩#
#.o......_# #_.@....._#
#_...o..._# ###.........###
#⌠...........⌠#
######.8.........8.######
##.___......###......___∩##
###∩........8.# #.8........∩##
##.............###.............
#⌠..........###...###..........


You could see Blork the orc and an orc.

Vanquished Creatures
  3 quasits (D)
  An orc wizard (D)
  A shadow imp (D)
  A white imp (D)
  An ufetubus (D)
7 creatures vanquished.

Notes
Turn   | Place    | Note
-------+----------+-------------------------------------------
     0 | D        | Heoruswealwe the Spriggan Artificer began the quest for the
                  | Orb.
     0 | D        | Reached XP level 1. HP: 9/9 MP: 2/2
     0 | D        | Found a glowing silver altar of Zin.
     4 | D        | Found a shadowy altar of Dithmenos.
     5 | D        | Found a bloodstained altar of Trog.
     5 | D        | Found a burning altar of Makhleb.
     6 | D        | Found Detuirimpa's Identification Station.
     6 | D        | Found an iron altar of Okawaru.
     6 | D        | Found a shimmering blue altar of Sif Muna.
     7 | D        | Found Wuwaseu's Advanced Armour.
     7 | D        | Found Haloba's Jewellery.
     9 | D        | Round 1.
    36 | D        | Found a corrupted altar of Lugonu.
    37 | D        | Found Ivibbing's Magic Scroll Shop.
    38 | D        | Found Pegg's Magic Scroll Shop.
    38 | D        | Found Maemo's Must-Have Magic.
    39 | D        | Found a blossoming altar of Fedhas.
    39 | D        | Found a sacrificial altar of Ru.
    39 | D        | Found a shimmering altar of Xom.
    39 | D        | Found Xiacabag's Staff Store.
    54 | D        | Found a basalt altar of Yredelemnul.
    58 | D        | Reached skill level 5 in Stealth
    67 | D        | Found an ancient bone altar of Kikubaaqudgha.
    68 | D        | Found a hide-covered altar of Uskayaw.
    68 | D        | Found Wouze's Distillery.
    69 | D        | Found Moukiany's Distillery.
    69 | D        | Found Usixeg's Bottled Wisdom.
    70 | D        | Found an opulent altar of Gozag.
    70 | D        | Found a radiant altar of Vehumet.
    70 | D        | Found an ornate altar of the Wu Jian Council.
    70 | D        | Found Vodghoada's Do-It-Yourself Clinic.
    77 | D        | Found a glowing golden altar of the Shining One.
    81 | D        | Became a worshipper of Gozag Ym Sagoz the Greedy
    83 | D        | Found a stormy altar of Qazlal.
    84 | D        | Found Wunil's Weapon Rack.
    85 | D        | Found Diollolo's Basic Armour.
    85 | D        | Found Ydaoguedadd's Miscellaneous Merchandise.
    86 | D        | Found a snail-covered altar of Cheibriados.
    86 | D        | Found Zuloaphi's Premium Goods.
    94 | D        | Reached skill level 7 in Stealth
    94 | D        | Reached XP level 2. HP: 10/14 MP: 3/3
   144 | D        | Reached skill level 11 in Stealth
   144 | D        | Reached XP level 3. HP: 17/17 MP: 4/4
   222 | D        | Reached skill level 12 in Stealth
   222 | D        | Reached XP level 4. HP: 21/21 MP: 5/5
   229 | D        | Arena points: 14 (+14) [x2]
   230 | D        | Reached skill level 14 in Stealth
   262 | D        | Bought a +0 quick blade for 450 gold pieces
   289 | D        | Bought a flickering amethyst amulet for 45 gold pieces
   289 | D        | Identified the amulet of the Prince of Darkness {RegenMP
                  | rC+} (You bought it in a shop in the Dungeon)
   289 | D        | Bought a flickering diamond amulet for 45 gold pieces
   289 | D        | Identified the amulet "Teir" {Faith Str+3} (You bought it
                  | in a shop in the Dungeon)
   324 | D        | Round 2.
   341 | D        | Reached skill level 15 in Stealth
   341 | D        | Reached XP level 5. HP: 25/25 MP: 6/6
   368 | D        | Bought a clouded ruby amulet for 45 gold pieces
   368 | D        | Identified the amulet of Paranoia {RegenMP rF+ rC+ Int+3}
                  | (You bought it in a shop in the Dungeon)
   451 | D        | Noticed Blork the orc
   461 | D        | Slain by Blork the orc

Illustrated notes

Levels and vault maps discovered:
D:        arena_sprint

Skill      XL: |  1  2  3  4 |
---------------+-------------+-----
Stealth        | 7 11 12 15 | 15.1
Fighting       | |  0.7
Dodging        | |  3.2
Evocations     | |  4.0

Action                     |  1- 3 |  4- 6 || total
---------------------------+-------+-------++-------
  Melee: Quick blade       |       |    14 ||    14
         Punch             |       |     1 ||     1
  Evoke: Wand              |    11 |     8 ||    19
    Use: Potion            |       |     1 ||     1
 Armour: Robe              |       |     1 ||     1
  Dodge: Dodged            |     7 |    18 ||    25
